 Dungeon Crawl Stone Soup version 0.22.0 (webtiles) character file.

168 Blackhawk the Skirmisher (level 5, -2/43 HPs)
             Began as a Merfolk Fighter on Oct 25, 2018.
             Was an Initiate of Trog.
             Killed by nerve-wracking pain
             ... invoked by an orc priest
              (14 damage)
             ... on level 3 of the Dungeon.
             The game lasted 00:05:25 (3063 turns).

Blackhawk the Skirmisher (Merfolk Fighter)          Turns: 3063, Time: 00:05:25

Health: -2/43      AC:  6    Str: 22    XL:     5   Next: 49%
Magic:  5/5        EV:  7    Int:  7    God:    Trog [......]
Gold:   100        SH: 10    Dex: 14    Spells: 4/4 levels left

rFire    . . .     SeeInvis .   a - +0 flail
rCold    . . .     Gourm    .   c - +0 shield
rNeg     . . .     Faith    .   b - +0 scale mail
rPois    .         Spirit   .   (no helmet)
rElec    .         Reflect  .   (no cloak)
rCorr    .         Harm     .   (no gloves)
MR       .....                  (no boots)
Stlth    ..........             (no amulet)
HPRegen  0.14/turn              (no ring)
MPRegen  0.09/turn              (no ring)

@: mighty, lethally poisoned (-2 -> -4)
A: change form in water, swift swim, stealthy swim
a: Renounce Religion


You were on level 3 of the Dungeon.
You worshipped Trog.
Trog was noncommittal.
You were not hungry.

You visited 1 branch of the dungeon, and saw 3 of its levels.

You collected 100 gold pieces.

Inventory:

Hand Weapons
 a - a +0 flail (weapon)
Armour
 b - a +0 scale mail (worn)
 c - a +0 shield (worn)
Jewellery
 n - a +3 ring of intelligence {unknown}
Scrolls
 e - a scroll of noise {unknown}
 g - a scroll of amnesia {unknown}
 h - 2 scrolls of enchant armour {unknown}
 i - a scroll of remove curse {unknown}
 j - a scroll of immolation {unknown}
 k - 2 scrolls of identify {unknown}
 p - a scroll of enchant weapon {unknown}
Potions
 l - 2 potions of magic {unknown}
 m - a potion of agility {unknown}
 q - 2 potions of heal wounds {unknown}
Comestibles
 f - 4 rations
 o - 5 chunks of flesh


   Skills:
 + Level 4.3 Fighting
 + Level 2.5 Maces & Flails
 + Level 2.9 Armour
 + Level 3.9 Shields


You had 4 spell levels left.
You didn't know any spells.
Your spell library was empty.

Dungeon Overview and Level Annotations

Branches:
Dungeon (3/15)

Altars:
Cheibriados
Dithmenos
Elyvilon
Fedhas
Nemelex Xobeh
Sif Muna
Trog
Wu Jian

Annotations:
D:3 1 runed door, Sigmund


Message History

The adder is moderately wounded.
The adder bites you but does no damage. You block the adder's attack.
You closely miss the adder.
The adder is moderately wounded.
You feel sick. You block the adder's attack. x2
You completely miss the adder.
The adder is lightly wounded.
You feel sick. The adder bites you.
* * * LOW HITPOINT WARNING * * *
You sock the adder!
You kill the adder!
Trog accepts your kill.
You thump the orc priest!
The orc priest is heavily wounded.
You feel sick. The orc priest completely misses you.
You hit the orc priest.
The orc priest is almost dead.
The orc priest calls down the wrath of Beogh upon you.
Pain shoots through your body!
You die...

................#
......##.......##
......##.......#
......##.......#
......##.......#
......##.......###
......##........o#
...............#o#
################@#
#.# #.## ####..#
### ##.#...#
+.####......#
##..#......##
###.#..#.##
########


You could see an orc priest and an orc.

Vanquished Creatures
  An orc priest (D:3)
  Jessica (D:3)
  4 adders
  An ooze (D:2)
  4 worms
  A dart slug (D:1)
  A leopard gecko (D:2)
  6 orcs
  2 giant cockroaches (D:3)
  5 goblins
  4 hobgoblins
  4 jackals (D:1)
  7 kobolds
  A quokka (D:2)
  3 ball pythons (D:1)
  4 bats (D:2)
  2 frilled lizards (D:2)
  7 rats
58 creatures vanquished.

Notes
Turn   | Place    | Note
-------+----------+-------------------------------------------
     0 | D:1      | Blackhawk the Merfolk Fighter began the quest for the Orb.
     0 | D:1      | Reached XP level 1. HP: 18/18 MP: 1/1
   298 | D:1      | Reached XP level 2. HP: 15/24 MP: 2/2
   945 | D:2      | Reached XP level 3. HP: 25/29 MP: 3/3
  1409 | D:2      | Found a snail-covered altar of Cheibriados.
  1499 | D:2      | Reached XP level 4. HP: 14/37 MP: 4/4
  1903 | D:2      | Reached skill level 4 in Fighting
  2122 | D:2      | Found a bloodstained altar of Trog.
  2130 | D:2      | Found a white marble altar of Elyvilon.
  2132 | D:2      | Found an ornate altar of the Wu Jian Council.
  2133 | D:2      | Found a shadowy altar of Dithmenos.
  2139 | D:2      | Found a sparkling altar of Nemelex Xobeh.
  2140 | D:2      | Found a deep blue altar of Sif Muna.
  2142 | D:2      | Found a blossoming altar of Fedhas.
  2149 | D:2      | Became a worshipper of Trog the Wrathful
  2200 | D:3      | Noticed Jessica
  2210 | D:3      | Killed Jessica
  2225 | D:3      | Reached XP level 5. HP: 14/42 MP: 5/5
  3006 | D:3      | Found a runed door.
  3035 | D:3      | Noticed Sigmund
  3063 | D:3      | Killed from afar by an orc priest

Skill      XL: |  1  2  3  4 |
---------------+-------------+-----
Maces & Flails | 2 |  2.5
Fighting       | 4 |  4.3
Armour         | |  2.9
Shields        | |  3.9

Action                   |  1- 3 |  4- 6 || total
-------------------------+-------+-------++-------
Melee: Flail             |    94 |   130 ||   224
  Use: Potion            |       |     1 ||     1
  Eat: Chunk             |     2 |     5 ||     7
Armor: Scale mail        |    43 |    71 ||   114
Dodge: Dodged            |    25 |    62 ||    87
Block: Shield            |    50 |    97 ||   147
